 Dungeon Crawl Stone Soup version 0.31-a0-949-g57150269e1 (webtiles) character file.

Game seed: 8689811258429648529

182 Zonian the Magician (level 5, -6/28 HPs)
             Began as a Deep Elf Hedge Wizard on Oct 22, 2023.
             Splashed by a jelly's acid (9 damage)
             ... on level 4 of the Dungeon.
             The game lasted 00:08:27 (6606 turns).

Zonian the Magician (Deep Elf Hedge Wizard)         Turns: 6606, Time: 00:08:30

Health: -6/28      AC: -6    Str:  7    XL:     5   Next: 35%
Magic:  10/14      EV: 13    Int: 21    God:
Gold:   243        SH:  0    Dex: 14    Spells: 9/14 levels left

rFire   . . .        f - staff of conjuration
rCold   + . .        (no shield)
rNeg    . . .        b - +0 robe
rPois   .            c - +0 hat
rElec   .            (no cloak)
rCorr   .            (no gloves)
SInv    +            (no boots)
Will    .....        (no amulet)
Stlth   ++           m - ring of see invisible
HPRegen 0.24/turn    d - ring of protection from cold
MPRegen 0.14/turn

%: no passive effects
@: corroded
A: no striking features
a: no special abilities


You were on level 4 of the Dungeon.
You visited 1 branch of the dungeon, and saw 4 of its levels.

You collected 243 gold pieces.

Inventory:

Hand Weapons
 a - a +0 dagger
 j - a +0 sling
 p - a +1 trident of flaming
Missiles
 g - 4 silver javelins
 o - 3 datura-tipped darts
Armour
 b - a +0 robe (worn)
 c - a +0 hat (worn)
Magical Staves
 f - a staff of conjuration (weapon)
Jewellery
 d - a ring of protection from cold (right hand)
 m - a ring of see invisible (left hand)
Scrolls
 k - a scroll of vulnerability
Potions
 e - a potion of haste
 h - a potion of brilliance
 i - a potion of degeneration {unknown}
 l - a potion of heal wounds
 n - a potion of lignification {unknown}


   Skills:
 + Level 3.5 Dodging
 + Level 3.7 Stealth
 + Level 5.2 Spellcasting
 + Level 2.4 Conjurations
 + Level 2.5 Summonings
 + Level 2.4 Translocations


You had 9 spell levels left.
You knew the following spells:

 Your Spells              Type           Power      Damage    Failure   Level
a - Magic Dart            Conj           92%        1d7       4%          1
b - Blink                 Tloc           30%        N/A       6%          2
c - Call Imp              Summ           32%        N/A       5%          2

Your spell library contained the following spells:

 Spells                   Type           Power      Damage    Failure   Level
 Slow                     Hex            20%        N/A       11%         1
 Cigotuvi's Dreadful Rot  Necr/Pois/Air  10%        N/A       16%         2
 Sublimation of Blood     Necr           5%         N/A       16%         2
 Wereblood                Tmut           5%         N/A       16%         2
 Mephitic Cloud           Conj/Pois/Air  13%        N/A       22%         3
 Tukima's Dance           Hex            5%         N/A       32%         3
 Iskenderun's Mystic Bla  Conj/Tloc      23%        2d6       36%         4
 Dimensional Bullseye     Hex/Tloc       5%         N/A       54%         4
 Summon Ice Beast         Ice/Summ       10%        N/A       54%         4
 Summon Mana Viper        Hex/Summ       10%        N/A       87%         5
 Monstrous Menagerie      Summ           8%         N/A       100%        7
 Summon Hydra             Summ           8%         N/A       100%        7


Dungeon Overview and Level Annotations

Branches:
Dungeon (4/15)
 Temple: D:4-7

Altars:

Annotations:
D:3 1 runed translucent door, Crazy Yiuf


Message History

HP restored.
You start waiting.
Done waiting.
Unknown command.
There is a stone staircase leading down here.
Unknown command.
You climb downwards.
Level annotation: 1 runed translucent door, Crazy Yiuf
There is a stone staircase leading up here.
Unknown command.
There is a stone staircase leading down here.
Crazy Yiuf says, "Powder!"
Unknown command.
There is a stone staircase leading down here.
You climb downwards.
The jelly hits you but does no damage.
There is a stone staircase leading up, spattered with blood here.
Unknown command.
You feel a surge of power!
The magic dart hits the jelly.
The jelly is moderately wounded.
The jelly closely misses you.
You feel a surge of power!
The magic dart hits the jelly.
The jelly is moderately wounded.
The jelly hits you.
You are splashed with acid!
You feel a surge of power!
The magic dart hits the jelly.
The jelly is heavily wounded.
The jelly closely misses you.
You feel a surge of power!
The magic dart hits the jelly.
The jelly is severely wounded.
The jelly hits you. The acid corrodes you!
You are splashed with acid!
Unknown command.
You are too injured to fight recklessly!
You are too injured to fight recklessly!
Unknown command.
You hit the jelly.
Your hands burn!
* * * LOW HITPOINT WARNING * * *
The jelly is almost dead.
The jelly hits you.
* * * LOW HITPOINT WARNING * * *
The acid corrodes you!
You are splashed with acid!
You die...

...............
...............
...............
...............
...............
...........)...
.......J.......
#.@.......
#.........
##########


You could see a jelly.

Vanquished Creatures
  A jelly (D:3)
  An orc wizard (D:3)
  4 adders
  3 worms (D:2)
  3 dart slugs (D:1)
  8 orcs (D:3)
  6 endoplasms
  A giant cockroach (D:1)
  8 goblins
  5 hobgoblins
  4 jackals (D:2)
  6 kobolds
  A quokka (D:2)
  5 ball pythons
  4 bats
  5 frilled lizards
  4 rats (D:1)
69 creatures vanquished.

Notes
Turn   | Place    | Note
-------+----------+-------------------------------------------
     0 | D:1      | Zonian the Deep Elf Hedge Wizard began the quest for the
                  | Orb.
     0 | D:1      | Reached XP level 1. HP: 10/10 MP: 7/7
   204 | D:1      | Reached XP level 2. HP: 15/15 MP: 3/9
  1194 | D:1      | Reached XP level 3. HP: 19/19 MP: 4/11
  3108 | D:2      | Reached XP level 4. HP: 12/24 MP: 7/12
  4178 | D:2      | Learned a level 2 spell: Blink
  4181 | D:2      | Learned a level 2 spell: Call Imp
  4496 | D:3      | Reached skill level 5 in Spellcasting
  5511 | D:3      | Reached XP level 5. HP: 28/28 MP: 11/14
  6011 | D:3      | Found a faded altar of an unknown god.
  6120 | D:3      | Found a runed translucent door.
  6121 | D:3      | Noticed Crazy Yiuf
  6606 | D:4      | Splashed by a jelly's acid

Illustrated notes

Levels and vault maps discovered:
D:1:      noname_arrival_rooms_in_the_neighbourhood, layout_basic, st_stairs_8
D:2:      layout_loops_cross
D:3:      layout_basic, chequers_ecumenical_altar_grove, uniq_crazy_yiuf_cottage
D:4:      layout_rooms, serial_shops, shop, minmay_manual_mail

Skill      XL: |  1  2  3  4 |
---------------+-------------+-----
Stealth        | 3 |  3.7
Dodging        | 3 |  3.5
Summonings     | 2 |  2.5
Translocations | 2 |  2.4
Conjurations   | 2 |  2.4
Spellcasting   | 5 |  5.2

Action                     |  1- 3 |  4- 6 || total
---------------------------+-------+-------++-------
  Melee: Dagger            |    18 |       ||    18
         Staff             |    12 |     1 ||    13
   Cast: Magic Dart        |   129 |    97 ||   226
         Blink             |       |     1 ||     1
         Call Imp          |       |     1 ||     1
    Use: Potion            |     1 |     4 ||     5
         Scroll            |       |     4 ||     4
 Armour: Robe              |    38 |    19 ||    57
  Dodge: Dodged            |    40 |    11 ||    51

Table legend: (Time is in decaauts)
 A = Elapsed time spent in this place.
 B = Non-inter-level travel time spent in this place.
 C = Inter-level travel time spent in this place.
 D = Time resting spent in this place.
 E = Time spent auto-exploring this place.
 F = Levels seen in this place.
 G = Mean time per level.
                   A        B        C        D        E       F      G
               +--------+--------+--------+--------+--------+-----+--------+
         Total |   6596 |   6473 |    123 |   3632 |   2256 |   4 | 1649.0 |
       Dungeon |   6596 |   6473 |    123 |   3632 |   2256 |   4 | 1649.0 |
               +--------+--------+--------+--------+--------+-----+--------+

Top non-repeatable levels by time:
     D:2: 2754 daAuts
     D:3: 1960 daAuts
     D:1: 1869 daAuts
     D:4: 11 daAuts
